 Dungeon Crawl Stone Soup version 0.30-a0-137-gd8773701ce (webtiles) character file.

Game seed: 12929360522764611408

154 jimonade the Sneak (level 5, -8/30 HPs)
             Began as a Kobold Brigand on Sept 21, 2022.
             Mangled by Menkaure (17 damage)
             ... on level 4 of the Dungeon.
             The game lasted 00:03:41 (2987 turns).

jimonade the Sneak (Kobold Brigand)                 Turns: 2987, Time: 00:03:42

Health: -8/30      AC:  8    Str:  9    XL:     5   Next: 63%
Magic:  5/5        EV: 11    Int: 12    God:
Gold:   176        SH:  0    Dex: 18    Spells: 4/4 levels left

rFire   . . .      SeeInvis .    a - +2 dagger
rCold   . . .      Faith    .    (no shield)
rNeg    . . .      Spirit   .    i - +0 robe
rPois   .          Reflect  .    x - +0 helmet
rElec   .          Harm     .    c - +0 cloak
rCorr   .          Rampage  .    s - +0 pair of gloves
Will    .....                    w - +2 pair of boots of Naned {Stlth+}
Stlth   ++++++....               (no amulet)
HPRegen 0.10/turn                (no ring)
MPRegen 0.09/turn                (no ring)

@: constricted
A: small, no large weapons, nightstalker 3
a: no special abilities


You were on level 4 of the Dungeon.
You visited 1 branch of the dungeon, and saw 4 of its levels.

You collected 176 gold pieces.

Inventory:

Hand Weapons
 a - a +2 dagger (weapon)
 b - a +1 dagger of venom
Missiles
 d - 9 poisoned darts (quivered)
 e - 3 curare-tipped darts
Armour
 c - a +0 cloak (worn)
 i - a +0 robe (worn)
 o - a +0 leather armour
 r - a +0 plate armour
 s - a +0 pair of gloves (worn)
 w - the +2 pair of boots of Naned (worn) {Stlth+}
   (You found it on level 2 of the Dungeon)

   Stlth:     It makes you more stealthy.
 x - a +0 helmet (worn)
Jewellery
 B - a ring of poison resistance
Wands
 D - a wand of paralysis (4)
Scrolls
 j - 2 scrolls of butterflies {unknown}
 k - a scroll of amnesia {unknown}
 l - a scroll of torment {unknown}
 n - a scroll of magic mapping {unknown}
 p - 5 scrolls of teleportation {unknown}
 q - 4 scrolls of identify {unknown}
 t - 2 scrolls of vulnerability {unknown}
 v - a scroll of enchant weapon {unknown}
 y - a scroll of brand weapon {unknown}
 A - a scroll of noise {unknown}
Potions
 f - 3 potions of curing {unknown}
 g - 2 potions of degeneration {unknown}
 h - a potion of invisibility {unknown}
 m - a potion of berserk rage {unknown}
 u - 3 potions of lignification {unknown}
 z - a potion of attraction {unknown}
 C - a potion of heal wounds {unknown}


   Skills:
 - Level 2.1 Fighting
 * Level 4.8 Short Blades
 - Level 2.1 Throwing
 - Level 1.2 Dodging
 + Level 7.8 Stealth


You had 4 spell levels left.
You didn't know any spells.
Your spell library was empty.

Dungeon Overview and Level Annotations

Branches:
Dungeon (4/15)
 Temple: D:4-7

Altars:
Elyvilon

Annotations:
D:3 exclusion: adder, Terence
D:4 exclusion: upstairs, Menkaure


Innate Abilities, Weirdness & Mutations

You are small and have problems with some larger weapons.
You are completely attuned to the shadows.


Message History

A goblin comes into view. It is wielding a +0 dagger.
The goblin shouts!
You hit the goblin.
The goblin is heavily wounded.
You hear a shout!
The goblin closely misses you.
You hit the goblin.
The goblin is poisoned.
The goblin is severely wounded.
You hit the goblin.
You kill the goblin!
Menkaure, Prince of Dust comes into view.
Your +1 dagger of venom stops dripping with poison.
a - a +2 dagger (weapon)
A ball python comes into view.
Menkaure closely misses you.
The ball python hisses angrily.
You hit Menkaure.
Menkaure is lightly damaged.
Menkaure closely misses you.
You hit Menkaure.
Menkaure is lightly damaged.
You hit Menkaure.
Menkaure is moderately damaged.
Menkaure hits you!
You hit Menkaure.
Menkaure is moderately damaged.
The ball python barely misses you. The ball python grabs you.
The ball python constricts you.
Menkaure calls on the powers of darkness!
Your body is wracked with pain!
The ball python convulses!
You barely miss Menkaure.
Menkaure is moderately damaged.
The ball python closely misses you. The ball python constricts you.
* * * LOW HITPOINT WARNING * * *
You hit Menkaure but do no damage.
Menkaure is moderately damaged.
The ball python bites you but does no damage.
The ball python constricts you. Menkaure hits you!
Ouch! That really hurt!
You die...

.##.....#.♣.#.#
.##.#....#.#..#
.##.+<...###..#
#####.........#
..............#
#######################
..........# .#.S.#)..###
...M@......# ###
.#...#...#.# ..#
...........#
..####################.#
...[............######.#
..............)........#
.......#.###############
........... ...........


You could see Menkaure and a ball python.

Vanquished Creatures
  An iguana (D:4)
  5 adders
  3 worms (D:2)
  5 orcs
  3 bats (D:1)
  2 endoplasms
  4 giant cockroaches
  13 goblins
  7 hobgoblins
  4 jackals (D:1)
  A quokka (D:4)
  5 ball pythons
  2 frilled lizards
  6 kobolds
  6 rats
67 creatures vanquished.

Notes
Turn   | Place    | Note
-------+----------+-------------------------------------------
     0 | D:1      | jimonade the Kobold Brigand began the quest for the Orb.
     0 | D:1      | Reached XP level 1. HP: 12/12 MP: 1/1
   220 | D:1      | Reached XP level 2. HP: 17/17 MP: 2/2
   236 | D:1      | Found a faded altar of an unknown god.
   344 | D:1      | Reached skill level 6 in Stealth
   611 | D:1      | Reached XP level 3. HP: 21/21 MP: 3/3
  1206 | D:2      | Reached XP level 4. HP: 26/26 MP: 4/4
  1363 | D:2      | Identified the +2 pair of boots of Naned {Stlth+}
  1572 | D:2      | Found a white marble altar of Elyvilon.
  1633 | D:2      | Reached skill level 7 in Stealth
  2321 | D:3      | Noticed Terence
  2367 | D:3      | Reached XP level 5. HP: 30/30 MP: 5/5
  2978 | D:4      | Noticed Menkaure
  2987 | D:4      | Mangled by Menkaure

Illustrated notes

Levels and vault maps discovered:
D:1:      heliophobic_arrival_enchanted_forest, layout_basic,
          shapermc_ecumenical_altar_mp_ritualfount
D:2:      layout_basic, serial_curves, eino_curves_02, eino_curves_01,
          basic_altar, minmay_quantized
D:3:      layout_basic, uniq_terence
D:4:      layout_basic, lemuel_coloured_pillars_altar, grunt_decor_one_mirror,
          uniq_menkaure

Skill      XL: |  1  2  3  4 |
---------------+-------------+-----
Short Blades   | 3 4 |  4.8
Stealth        | 6 7 |  7.8
Fighting       | |  2.1
Throwing       | |  2.1
Dodging        | |  1.2

Action                   |  1- 3 |  4- 6 || total
-------------------------+-------+-------++-------
Melee: Dagger            |    43 |   115 ||   158
 Stab: Sleeping          |    13 |    22 ||    35
Armor: Robe              |    10 |    24 ||    34
Dodge: Dodged            |    27 |    51 ||    78

Table legend: (Time is in decaauts)
 A = Elapsed time spent in this place.
 B = Non-inter-level travel time spent in this place.
 C = Inter-level travel time spent in this place.
 D = Time resting spent in this place.
 E = Time spent auto-exploring this place.
 F = Levels seen in this place.
 G = Mean time per level.
                   A        B        C        D        E       F      G
               +--------+--------+--------+--------+--------+-----+--------+
         Total |   2952 |   2817 |    135 |      0 |   2348 |   4 |  738.0 |
       Dungeon |   2952 |   2817 |    135 |      0 |   2348 |   4 |  738.0 |
               +--------+--------+--------+--------+--------+-----+--------+

Top non-repeatable levels by time:
     D:1: 1119 daAuts
     D:2: 1034 daAuts
     D:3: 469 daAuts
     D:4: 328 daAuts
